 Dungeon Crawl Stone Soup version 0.31.0-12-g77e489cdc1 (webtiles) character file.

Game seed: 850832634677796601

4629 Marvel the Protected (level 10, -3/88 HPs)
             Began as a Minotaur Fighter on Feb 14, 2024.
             Was an Initiate of Gozag.
             Slain by a troll (10 damage)
             ... on level 9 of the Dungeon.
             The game lasted 00:08:46 (7877 turns).

Marvel the Protected (Minotaur Fighter)             Turns: 7877, Time: 00:08:46

Health: -3/88      AC: 14    Str: 24    XL:     10   Next: 19%
Magic:  9/9        EV: 11    Int:  5    God:    Gozag
Gold:   622        SH:  5    Dex: 13    Spells: 9/9 levels left

rFire   . . .        D - +8 falchion of the Enchanting Seeker {vamp, rPois Dex+2}
rCold   . . .        c - +0 buckler
rNeg    . . .        b - +0 scale mail
rPois   +            (helmet restricted)
rElec   .            v - +0 cloak
rCorr   .            h - +2 pair of gloves
SInv    .            f - +0 pair of boots
Will    .....        (no amulet) Stlth
                     (no ring)
HPRegen 0.34/turn    (no ring)
MPRegen 0.11/turn

%: no passive effects
@: mighty
A: horns 2, retaliatory headbutt
a: Renounce Religion, Potion Petition, Call Merchant, Bribe Branch


You were on level 9 of the Dungeon.
You worshipped Gozag.
Gozag was pleased with you.
You visited 1 branch of the dungeon, and saw 9 of its levels.

You collected 1509 gold pieces.
You spent 887 gold pieces at shops.

Inventory:

Hand Weapons
 a - a +0 trident
 p - the +4 morningstar "Ruicorupyk" {holy, Dex+3}
   (You bought it in a shop on level 1 of the Dungeon)

   Dex+3:     It affects your dexterity (+3).
 D - the +8 falchion of the Enchanting Seeker (weapon) {vamp, rPois Dex+2}
   (You bought it in a shop on level 4 of the Dungeon)

   Dex+2:     It affects your dexterity (+2).
   rPois:     It protects you from poison
Missiles
 r - 12 poisoned darts (quivered)
Armour
 b - a +0 scale mail (worn)
 c - a +0 buckler (worn)
 f - a +0 pair of boots (worn)
 h - a +2 pair of gloves (worn)
 v - a +0 cloak (worn)
Jewellery
 t - the amulet "Cayckin" {Faith Harm rPois rN+ SInv}
   (You found it on level 4 of the Dungeon)

   [amulet of faith]

   Faith:     It allows you to gain divine favour quickly.
   rPois:     It protects you from poison rN+: It protects you from negative
   energy.
   SInv:      It lets you see invisible.
   Harm:      It increases damage dealt and taken.
 F - a +4 ring of slaying
Wands
 x - a wand of flame (13)
 C - a wand of digging (2)
Scrolls
 e - 7 scrolls of identify {unknown}
 g - a scroll of acquirement {unknown}
 i - a scroll of poison {unknown}
 j - 2 scrolls of brand weapon {unknown}
 l - 5 scrolls of noise {unknown}
 y - 3 scrolls of teleportation {unknown}
 z - 3 scrolls of amnesia {unknown}
 B - a scroll of torment {unknown}
 E - a scroll of immolation {unknown}
 G - a scroll of revelation {unknown}
 I - a scroll of blinking {unknown}
Potions
 k - 2 potions of brilliance {unknown}
 m - a potion of ambrosia {unknown}
 n - 4 potions of enlightenment {unknown}
 o - a potion of attraction {unknown}
 q - a potion of resistance {unknown}
 s - 2 potions of curing {unknown}
 u - 2 potions of heal wounds {unknown}
 w - a potion of degeneration {unknown}
 A - a potion of mutation {unknown}
 H - a potion of cancellation {unknown}


   Skills:
 + Level 7.9 Fighting
 + Level 8.3 Long Blades
 + Level 8.7 Maces & Flails
 + Level 4.5 Polearms
 + Level 8.9 Armour
 - Level 2.8 Dodging
 - Level 1.8 Stealth
 + Level 5.9 Shields


You had 9 spell levels left.
You didn't know any spells.
Your spell library contained the following spells:

 Spells                   Type           Power      Damage    Failure   Level
 Sandblast                Erth           0%         2d4       80%         1
 Passwall                 Erth           0%         N/A       99%         3
 Stone Arrow              Conj/Erth      0%         3d7       99%         3
 Brom's Barrelling Bould  Conj/Erth      0%         2d3       100%        4
 Leda's Liquefaction      Alch/Erth      0%         N/A       100%        4
 Lee's Rapid Deconstruct  Erth           0%         3d4*      100%        5
 Bombard                  Conj/Erth      0%         9d1       100%        6


Dungeon Overview and Level Annotations

Branches:
Dungeon (9/15)             Temple (0/1) D:6
   Lair: D:8-11         Orc: D:9-12

Altars:
Dithmenos
Fedhas
Gozag
Makhleb
Nemelex Xobeh
Okawaru
Trog
Zin

Shops:
D:1 (   D:4 (

Annotations:
D:5 1 runed translucent door, James's ghost, novice DEHu


Innate Abilities, Weirdness & Mutations

You have a pair of horns on your head.
You reflexively headbutt those who attack you in melee.


Message History

The troll is lightly wounded.
The troll is distracted by your dazzling golden aura.
The troll shouts!
You slash the troll!
The troll is no longer distracted by gold.
You headbutt the troll!
The troll is heavily wounded.
You hear an angry buzzing noise.
The troll bites you! The troll claws you! x2
You are too injured to fight recklessly!
You are too injured to fight recklessly!
You are too injured to fight recklessly!
You hit the troll.
The troll is heavily wounded.
The troll is distracted by your dazzling golden aura.
You catch the helpless troll completely off-guard!
You hit the troll.
You feel better.
The troll is no longer distracted by gold.
The troll is severely wounded.
The troll barely misses you. You block the troll's attack. The troll claws you!
You completely miss the troll. Your headbutt misses the troll.
The troll is severely wounded.
You hit the troll.
You feel better.
Your headbutt misses the troll.
The troll is severely wounded.
The troll bites you! The troll barely misses you. The troll claws you!
* * * LOW HITPOINT WARNING * * *
You hit the troll. Your headbutt misses the troll.
The troll is almost dead.
The troll bites you but does no damage. The troll claws you.
* * * LOW HITPOINT WARNING * * *
The troll claws you but does no damage.
You closely miss the troll.
The troll is almost dead.
You block the troll's attack. The troll closely misses you.
The troll claws you!
* * * LOW HITPOINT WARNING * * *
You feel very mighty all of a sudden. The troll bites you!
You die...
Your body crumbles into a pile of gold.

.........####..
.............#
.[......###.# ( #
.#...##.#... ####. ..
.###.##.#.#.##... ...
.###.#....##.#.# ....
.##............# .....
.##..#...#...#!###......
)##..#.........$@T......
...............$.####...
.##..#..........##
........##...#.##
)##..........).#
.#####.####..... ...#
#.# #.$.... ...#
#....[.. ...#


You could see a troll.

Vanquished Creatures
  2 two-headed ogres
  Joseph (D:8)
  A hornet (D:8)
  A shadow (D:7)
  A wyvern (D:8)
  A steam dragon (D:7)
  A water moccasin (D:6)
  A black bear (D:5)
  2 orc warriors
  An ice beast (D:6)
  2 centaurs
  2 ogres
  A kobold brigand (D:8)
  Blork the orc (D:4)
  A bullfrog (D:8)
  A scorpion (D:5)
  3 howler monkeys (D:7)
  4 jellies
  4 hounds
  5 bombardier beetles
  12 orc priests
  A sleepcap (D:4)
  An iguana (D:7)
  14 orc wizards
  3 gnolls (D:5)
  2 adders
  A white imp (D:7)
  2 ribbon worms (D:2)
  3 dart slugs
  29 orcs
  12 bats
  6 endoplasms
  A giant cockroach (D:4)
  8 hobgoblins
  7 jackals
  9 quokkas
  6 ball pythons
  A frilled lizard (D:1)
  5 goblins
  10 kobolds
  4 rats
173 creatures vanquished.

Vanquished Creatures (others)
  An arcanist (D:5)
1 creature vanquished.

Grand Total: 174 creatures vanquished

Notes
Turn   | Place    | Note
-------+----------+-------------------------------------------
     0 | D:1      | Marvel the Minotaur Fighter began the quest for the Orb.
     0 | D:1      | Reached XP level 1. HP: 19/19 MP: 0/0
    70 | D:1      | Found Dukuxtik's Antique Weapon Shop.
   161 | D:1      | Reached XP level 2. HP: 27/27 MP: 1/1
   625 | D:1      | Reached XP level 3. HP: 33/33 MP: 2/2
   919 | D:2      | Found a faded altar of an unknown god.
   943 | D:2      | Prayed at the altar of an unknown god.
   943 | D:2      | Became a worshipper of Gozag Ym Sagoz the Greedy
  1249 | D:2      | Reached XP level 4. HP: 40/40 MP: 3/3
  1406 | D:3      | Identified the +1 robe "Jukhud" {Will+ Dex+4}
  1657 | D:3      | Found a blossoming altar of Fedhas.
  1665 | D:3      | Found a sparkling altar of Nemelex Xobeh.
  1966 | D:1      | Bought a crystal morningstar for 243 gold pieces
  1966 | D:1      | Identified the +4 morningstar "Ruicorupyk" {holy, Dex+3}
                  | (You bought it in a shop on level 1 of the Dungeon)
  2029 | D:3      | Reached skill level 1 in Maces & Flails
  2029 | D:3      | Reached XP level 5. HP: 43/46 MP: 4/4
  2580 | D:4      | Reached skill level 5 in Armour
  2685 | D:4      | Noticed Blork the orc
  2695 | D:4      | Killed Blork the orc
  2696 | D:4      | Reached skill level 1 in Dodging
  2712 | D:4      | Identified the amulet "Cayckin" {Faith Harm rPois rN+ SInv}
  2864 | D:4      | Reached XP level 6. HP: 17/53 MP: 5/5
  3147 | D:4      | Found Johemul's Weapon Emporium.
  3449 | D:5      | Entered Level 5 of the Dungeon
  4004 | D:5      | Found a runed translucent door.
  4011 | D:5      | Noticed James's ghost (novice DEHu)
  4097 | D:5      | Found a shadowy altar of Dithmenos.
  4140 | D:5      | Reached XP level 7. HP: 59/60 MP: 6/6
  4198 | D:5      | Reached skill level 5 in Fighting
  4314 | D:6      | Found an iron altar of Okawaru.
  4319 | D:6      | Reached skill level 5 in Maces & Flails
  4428 | D:6      | Reached XP level 8. HP: 68/68 MP: 7/7
  4666 | D:6      | Found a burning altar of Makhleb.
  4666 | D:6      | Found a glowing silver altar of Zin.
  4667 | D:6      | Noticed an angel
  4667 | D:6      | Noticed a blizzard demon
  4919 | D:6      | Found a staircase to the Ecumenical Temple.
  4973 | D:5      | Reached skill level 1 in Stealth
  5107 | D:4      | Bought the +8 falchion of the Enchanting Seeker {vamp,
                  | rPois Dex+2} for 644 gold pieces
  5237 | D:5      | Reached skill level 5 in Shields
  5302 | D:5      | Found a bloodstained altar of Trog.
  5303 | D:5      | Noticed a wizard
  5309 | D:5      | Killed a wizard
  5472 | D:7      | Noticed a two-headed ogre
  5479 | D:7      | Killed a two-headed ogre
  5695 | D:7      | Reached XP level 9. HP: 75/75 MP: 8/8
  6922 | D:8      | Noticed Joseph
  6935 | D:8      | Killed Joseph
  6936 | D:8      | Reached skill level 5 in Long Blades
  7621 | D:8      | Reached XP level 10. HP: 68/88 MP: 9/9
  7736 | D:9      | Noticed a two-headed ogre
  7748 | D:9      | Killed a two-headed ogre
  7877 | D:9      | Slain by a troll

Illustrated notes

Levels and vault maps discovered:
D:1:      minmay_arrival_nine_rooms, layout_basic, serial_shops,
          nicolae_shop_crystal
D:2:      layout_loops_ring, basic_ecumenical_altar
D:3:      layout_basic, jmf_multi_god_temple
D:4:      layout_loops_cross, serial_shops, nicolae_shop_tiny_real_fake_doors,
          uniq_blork_the_orc
D:5:      layout_loops_corners, trog_wizard, lemuel_crystal_altar,
          ebering_ghost_sewer_d
D:6:      layout_loops_cross, grunt_temple_overflow_order_and_chaos_2,
          okawaru_metal_pillars_1_2, temple_green, grunt_ministairs_11
D:7:      layout_loops_ring, billiards_dpeg
D:8:      layout_basic, minmay_joined_circles, uniq_joseph
D:9:      layout_loops_ring, nicolae_ru_great_annihilating_truth

Skill      XL: |  1  2  3  4  5  6  7  8  9 10 |
---------------+-------------------------------+-----
Shields        | 4 5 |  5.9
Fighting       | 4 5 6 7 |  7.9
Armour         | 4 5 6 7 8 |  8.9
Polearms       | 3 4 |  4.5
Maces & Flails | 1 3 6 8 |  8.7
Dodging        | 1 2 |  2.8
Stealth        | 1 |  1.8
Long Blades    | 2 7 8 |  8.3

Action                     |  1- 3 |  4- 6 |  7- 9 | 10-12 || total
---------------------------+-------+-------+-------+-------++-------
  Melee: Trident           |   107 |    40 |       |       ||   147
         Headbutt          |     9 |    13 |    43 |     7 ||    72
         Morningstar       |       |    73 |    35 |       ||   108
         Falchion          |       |       |   205 |    33 ||   238
    Use: Potion            |       |       |       |     1 ||     1
   Stab: Distracted        |       |       |       |     1 ||     1
 Armour: Scale mail        |    46 |    74 |   212 |    27 ||   359
  Dodge: Dodged            |    29 |    46 |   116 |     8 ||   199
  Block: Buckler           |    10 |    16 |    47 |     7 ||    80
